 Dungeon Crawl Stone Soup version 0.32-a0-86-g8db1b9f803 (webtiles) character file.

Game seed: 9663832927798445644

273 Eboss360 the Chopper (level 6, -9/53 HPs)
             Began as a Minotaur Berserker on Feb 5, 2024.
             Was a Believer of Trog.
             Mangled by an ogre
             ... wielding a +0 giant club
              (18 damage)
             ... on level 4 of the Dungeon.
             The game lasted 00:10:13 (2626 turns).

Eboss360 the Chopper (Minotaur Berserker)           Turns: 2626, Time: 00:10:13

Health: -9/53      AC: 10    Str: 24    XL:     6   Next: 3%
Magic:  5/5        EV:  9    Int:  4    God:    Trog [**....]
Gold:   108        SH:  0    Dex:  9    Spells: 5/5 levels left

rFire   . . .        a - +1 hand axe
rCold   . . .        (no shield)
rNeg    . . .        d - +0 chain mail
rPois   .            (helmet restricted)
rElec   .            (no cloak)
rCorr   +            (no gloves)
SInv    .            n - +0 pair of boots
Will    .....        (no amulet) Stlth
                     g - ring of resist corrosion
HPRegen 0.28/turn    (no ring)
MPRegen 0.09/turn

%: no passive effects
@: no status effects
A: horns 2, retaliatory headbutt
a: Renounce Religion, Berserk, Trog's Hand


You were on level 4 of the Dungeon.
You worshipped Trog.
Trog was pleased with you.
You visited 1 branch of the dungeon, and saw 4 of its levels.

You collected 108 gold pieces.

Inventory:

Hand Weapons
 a - a +1 hand axe (weapon)
Missiles
 l - 59 stones (quivered)
 m - 5 javelins
 q - 2 boomerangs
Armour
 d - a +0 chain mail (worn)
 n - a +0 pair of boots (worn)
Jewellery
 g - a ring of resist corrosion (left hand)
Talismans
 j - a beast talisman
Scrolls
 f - a scroll of enchant weapon
 p - a scroll of teleportation
Potions
 b - 5 potions of curing
 c - a potion of brilliance {unknown}
 e - 2 potions of magic {unknown}
 h - a potion of lignification {unknown}
 i - 2 potions of heal wounds
 k - 2 potions of attraction
 o - a potion of haste {unknown}


   Skills:
 + Level 4.4 Fighting
 + Level 5.8 Axes
 + Level 3.8 Armour
 + Level 2.5 Dodging
 + Level 0.1 Stealth
 * Level 2.0 Shapeshifting


You had 5 spell levels left.
You didn't know any spells.
Your spell library was empty.

Dungeon Overview and Level Annotations

Branches:
Dungeon (4/15)
 Temple: D:4-7

Altars:
Hepliaklqana
Yredelemnul


Innate Abilities, Weirdness & Mutations

You have a pair of horns on your head.
You reflexively headbutt those who attack you in melee.


Message History

The scorpion stings you but does no damage.
The scorpion stings you.
You closely miss the scorpion.
The scorpion is severely wounded.
The scorpion barely misses you.
You hit the scorpion.
The scorpion is almost dead.
The scorpion stings you but does no damage.
You slash the scorpion!
You kill the scorpion!
Trog accepts your kill.
Your Shapeshifting skill increases to level 2!
You have reached level 6!
Found a stone staircase leading down.
The orc hits you with a +0 short sword.
You closely miss the orc. The orc hits you with a +0 short sword.
You slash the orc!
You kill the orc!
Trog accepts your kill.
Things that are here:
a +0 short sword; an orc corpse; a scorpion corpse
There is a stone staircase leading down here.
An ogre comes into view. It is wielding a +0 giant club.
The ogre shouts!
You hit the ogre.
The ogre is moderately wounded.
The ogre completely misses you.
You barely miss the ogre.
The ogre is moderately wounded.
The ogre hits you with a +0 giant club!!
You hit the ogre. Your headbutt misses the ogre.
The ogre is moderately wounded.
You hit the ogre.
The ogre is heavily wounded.
The ogre hits you with a +0 giant club!!
Ouch! That really hurt!
* * * LOW HITPOINT WARNING * * *
You hit the ogre. You headbutt the ogre.
The ogre is heavily wounded.
The ogre hits you with a +0 giant club!!
You die...

........##
...............##
................##
#......#.#.#.#... ###
#.............### ....##
#......#.#.#)## #
......##.............#
..............#.#.#.## #
.......@......>......# #
.......O..##..#.#.#.###.
.........####...##### #.
.........# ##### #.
.........# .. .........#
........## .......##


You could see an ogre.

Vanquished Creatures
  A weeping skull (D:3)
  A scorpion (D:4)
  A hound (D:4)
  Jessica (D:2)
  2 adders
  2 ribbon worms (D:3)
  A dart slug (D:1)
  2 orcs
  7 endoplasms
  6 goblins
  11 hobgoblins
  2 jackals (D:1)
  7 kobolds
  A quokka (D:2)
  3 ball pythons
  6 bats
  5 frilled lizards
  5 rats
  A spectral orc (D:3)
65 creatures vanquished.

Notes
Turn   | Place    | Note
-------+----------+-------------------------------------------
     0 | D:1      | Eboss360 the Minotaur Berserker began the quest for the
                  | Orb.
     0 | D:1      | Reached XP level 1. HP: 19/19 MP: 0/0
   147 | D:1      | Reached skill level 4 in Axes
   147 | D:1      | Reached XP level 2. HP: 27/27 MP: 1/1
   521 | D:1      | Reached XP level 3. HP: 33/33 MP: 2/2
   640 | D:1      | Reached ** piety under Trog
  1170 | D:2      | Found a faded altar of an unknown god.
  1395 | D:2      | Noticed Jessica
  1400 | D:2      | Killed Jessica
  1401 | D:2      | Reached skill level 1 in Shapeshifting
  1401 | D:2      | Reached XP level 4. HP: 40/40 MP: 3/3
  1651 | D:3      | Reached skill level 5 in Axes
  1771 | D:3      | Found a hazy altar of Hepliaklqana.
  1821 | D:3      | Found a basalt altar of Yredelemnul.
  1821 | D:3      | Noticed a weeping skull
  1833 | D:3      | Killed a weeping skull
  1834 | D:3      | Reached XP level 5. HP: 44/47 MP: 4/4
  2593 | D:4      | Reached XP level 6. HP: 53/53 MP: 5/5
  2626 | D:4      | Mangled by an ogre

Illustrated notes

Levels and vault maps discovered:
D:1:      dpeg_arrival_renting, layout_loops_cross
D:2:      layout_loops_ring, hellmonk_ecumenical_altar_zigzags, uniq_jessica
D:3:      layout_basic, yredelemnul_forgotten_temple_becter,
          worldfamousw_hep_ancestral_shrine
D:4:      layout_cave_pods, minmay_misc_feat_columns, st_stairs_8,
          minmay_goblin_kobold_house

Skill      XL: |  1  2  3  4  5 |
---------------+----------------+-----
Axes           | 4 5 |  5.8
Fighting       | 4 |  4.4
Shapeshifting  | 1 2 |  2.0
Armour         | 3 |  3.8
Dodging        | |  2.5
Stealth        | |  0.1

Action                     |  1- 3 |  4- 6 || total
---------------------------+-------+-------++-------
  Melee: Hand axe          |    77 |    80 ||   157
         Headbutt          |    13 |    10 ||    23
         Punch             |     3 |     1 ||     4
  Throw: Stone             |       |     1 ||     1
    Use: Scroll            |     4 |     3 ||     7
 Armour: Chain mail        |    51 |    51 ||   102
  Dodge: Dodged            |    32 |    36 ||    68

Table legend: (Time is in decaauts)
 A = Elapsed time spent in this place.
 B = Non-inter-level travel time spent in this place.
 C = Inter-level travel time spent in this place.
 D = Time resting spent in this place.
 E = Time spent auto-exploring this place.
 F = Levels seen in this place.
 G = Mean time per level.
                   A        B        C        D        E       F      G
               +--------+--------+--------+--------+--------+-----+--------+
         Total |   2634 |   2551 |     83 |      0 |   1954 |   4 |  658.5 |
       Dungeon |   2634 |   2551 |     83 |      0 |   1954 |   4 |  658.5 |
               +--------+--------+--------+--------+--------+-----+--------+

Top non-repeatable levels by time:
     D:3: 859 daAuts
     D:1: 810 daAuts
     D:2: 749 daAuts
     D:4: 215 daAuts
